 Dungeon Crawl Stone Soup version 0.20.1-1-g8b1a95d (webtiles) character file.

427 froobite the Skirmisher (level 6, -3/56 HPs)
             Began as a Minotaur Berserker on Aug 3, 2017.
             Was a Priest of Trog.
             Killed by divine providence
             ... invoked by an orc priest
              (10 damage)
             ... on level 4 of the Dungeon.
             The game lasted 00:12:10 (2612 turns).

froobite the Skirmisher (Minotaur Berserker)        Turns: 2612, Time: 00:12:10

Health: -3/56      AC: 12    Str: 23    XL:     6   Next: 65%
Magic:  5/5        EV:  8    Int:  9    God:    Trog [***...]
Gold:   152        SH:  0    Dex: 10    Spells: 5/5 levels left

rFire    . . .     SeeInvis .   n - +5 dagger
rCold    . . .     Gourm    .   (no shield)
rNeg     . . .     Faith    .   t - +0 plate armour
rPois    .         Spirit   .   (helmet restricted)
rElec    .         Reflect  .   (no cloak)
rCorr    .         Harm     .   (no gloves)
MR       .....                  (no boots)
Stlth    ..........             (no amulet)
Regen    0.2/turn               (no ring)
MPRegen  0.1/turn               (no ring)

@: brilliant, lethally poisoned (-3 -> -5), berserk cooldown, slowed, very slow
A: retaliatory headbutt, horns 2
a: Berserk, Trog's Hand, Burn Spellbooks, Renounce Religion


You were on level 4 of the Dungeon.
You worshipped Trog.
Trog was most pleased with you.
You were not hungry.

You visited 1 branch of the dungeon, and saw 4 of its levels.

You collected 152 gold pieces.

Inventory:

Hand Weapons
 a - a +0 hand axe
 f - a +1 spear of piercing
 n - a +5 dagger (weapon)
Missiles
 q - 4 tomahawks (quivered)
Armour
 b - a +0 animal skin
 j - a +0 ring mail
 s - a +0 chain mail
 t - a +0 plate armour (worn)
Scrolls
 c - a scroll of teleportation
 d - a scroll of recharging
 e - a scroll of blinking
Potions
 g - 3 potions of agility
 h - a potion of cancellation
 i - a potion of heal wounds
 k - a potion of haste
 l - a potion of brilliance
 r - a potion of flight {unknown}
Comestibles
 m - a fruit
 p - a bread ration


   Skills:
 + Level 5.3 Fighting
 + Level 1.8 Short Blades
 + Level 4.7(5.1) Axes
 + Level 2.6(4.1) Polearms
 + Level 1.1 Throwing
 + Level 4.6 Armour
 + Level 3.5 Dodging


You had 5 spell levels left.
You didn't know any spells.

Dungeon Overview and Level Annotations

Branches:
Dungeon (4/15)
 Temple: D:4-7

Altars:
Cheibriados
Fedhas
Qazlal
Uskayaw
Yredelemnul


Innate Abilities, Weirdness & Mutations

You reflexively headbutt those who attack you in melee.
You have a pair of horns on your head.


Message History

The leopard gecko is almost dead.
The leopard gecko barely misses you. You furiously retaliate!
You headbutt the leopard gecko.
You kill the leopard gecko!
Trog accepts your kill.
The orc priest hits you but does no damage.
You feel sick. The orc priest barely misses you.
Items here: )) †† a hand axe; a falchion; a leopard gecko corpse; an orc corpse You barely miss the orc priest.
The orc priest barely misses you.
You puncture the orc priest! Your headbutt misses the orc priest.
The orc priest is heavily wounded.
You feel yourself slow down.
You feel sick. The orc priest barely misses you.
You hit the orc priest but do no damage.
You headbutt the orc priest!
The orc priest is almost dead.
The orc priest mumbles some strange prayers to Beogh against you.
Beogh smites you!
You die...

...........#
.......)...#
...........#
...........#
........^..#
...........#
.......o)..#############
.......@...............#
##.....###.............#
#$.... #.............#
#$.... #.............#
#..... #..............
....... #.....[........
....... ##########.....
..##### ######.)...
#..........


You could see an orc priest.

Vanquished Creatures
  The ghost of froobite the Skirmisher, an amateur MiAK of Lugonu (D:3)
  A scorpion (D:4)
  An orc priest (D:3)
  A jelly (D:4)
  Jessica (D:2)
  Robin (D:2)
  2 adders
  2 oozes
  A worm (D:2)
  3 dart slugs
  4 leopard geckos
  12 orcs
  A ball python (D:1)
  3 giant cockroaches
  18 goblins
  5 hobgoblins
  4 jackals
  10 kobolds
  7 bats
  7 frilled lizards
  5 rats
90 creatures vanquished.

Notes
Turn   | Place    | Note
-------+----------+-------------------------------------------
     0 | D:1      | froobite the Minotaur Berserker began the quest for the Orb.
     0 | D:1      | Reached XP level 1. HP: 19/19 MP: 0/0
     2 | D:1      | Noticed a merfolk
     2 | D:1      | Noticed a human
     4 | D:1      | Noticed a spriggan
     6 | D:1      | Noticed a ghoul
     6 | D:1      | Noticed a troll
     8 | D:1      | Noticed a naga
     8 | D:1      | Noticed an ogre
    10 | D:1      | Noticed a vampire
    10 | D:1      | Noticed a dwarf
    12 | D:1      | Noticed a halfling
    12 | D:1      | Noticed a minotaur
    14 | D:1      | Noticed a demonspawn
    16 | D:1      | Noticed a tengu
    16 | D:1      | Noticed a centaur
    22 | D:1      | Noticed a vine stalker
    22 | D:1      | Noticed an elf
    24 | D:1      | Noticed a gargoyle
    26 | D:1      | Noticed a felid
    26 | D:1      | Noticed a draconian
    28 | D:1      | Noticed an octopode
    28 | D:1      | Noticed a formicid
    30 | D:1      | Noticed a demigod
   126 | D:1      | Reached XP level 2. HP: 13/27 MP: 1/1
   186 | D:1      | Reached skill level 4 in Fighting
   614 | D:1      | Reached ** piety under Trog
   614 | D:1      | Reached XP level 3. HP: 26/33 MP: 2/2
   984 | D:2      | Noticed Robin
  1001 | D:2      | Killed Robin
  1001 | D:2      | Reached skill level 1 in Polearms
  1103 | D:2      | Reached XP level 4. HP: 30/41 MP: 3/3
  1128 | D:2      | Found a basalt altar of Yredelemnul.
  1236 | D:2      | Found a snail-covered altar of Cheibriados.
  1302 | D:2      | Noticed Jessica
  1309 | D:2      | Killed Jessica
  1613 | D:3      | Reached *** piety under Trog
  1704 | D:3      | Reached XP level 5. HP: 24/47 MP: 4/4
  1762 | D:3      | Found a stormy altar of Qazlal.
  1784 | D:3      | Noticed froobite's ghost (amateur MiAK)
  1796 | D:3      | Killed froobite's ghost
  1796 | D:3      | Reached skill level 5 in Fighting
  1796 | D:3      | Reached skill level 1 in Short Blades
  1796 | D:3      | Reached skill level 1 in Throwing
  1796 | D:3      | Reached XP level 6. HP: 42/56 MP: 5/5
  1832 | D:3      | Found a hide-covered altar of Uskayaw.
  2243 | D:3      | Found a blossoming altar of Fedhas.
  2612 | D:4      | Killed from afar by an orc priest

Skill      XL: |  1  2  3  4  5 |
---------------+----------------+-----
Fighting       | 4 5 |  5.3
Axes           | 4 |  4.7
Armour         | 3 4 |  4.6
Polearms       | 1 2 |  2.6
Short Blades   | 1 |  1.8
Throwing       | 1 |  1.1
Dodging        | 3 |  3.5

Action                   |  1- 3 |  4- 6 || total
-------------------------+-------+-------++-------
Melee: Hand axe          |    34 |       ||    34
       Headbutt          |     6 |    19 ||    25
       Spear             |    32 |       ||    32
       Dagger            |     5 |    99 ||   104
Throw: Tomahawk          |       |    10 ||    10
Invok: Berserk           |     1 |     3 ||     4
       Burn Spellbooks   |     1 |       ||     1
  Use: Scroll            |     6 |     1 ||     7
       Potion            |       |     6 ||     6
  Eat: Bread ration      |     1 |     1 ||     2
       Chunk             |       |     2 ||     2
Armor: Animal skin       |     8 |       ||     8
       Ring mail         |    15 |    20 ||    35
       Plate armour      |       |     7 ||     7
Dodge: Dodged            |    58 |    51 ||   109
